 Dungeon Crawl Stone Soup version 0.19.5 (webtiles) character file.

64 HouseofHex the Slasher (level 3, -9/28 HPs)
             Began as a Demonspawn Gladiator on Apr 2, 2017.
             Mangled by a gnoll
             ... wielding a +0 halberd
              (16 damage)
             ... on level 2 of the Dungeon.
             The game lasted 00:06:04 (1200 turns).

HouseofHex the Slasher (Demonspawn Gladiator)       Turns: 1200, Time: 00:06:04

Health: -9/28      AC:  5    Str: 15    XL:     3   Next: 91%
Magic:  3/3        EV: 10    Int: 10    God:
Gold:   26         SH:  7    Dex: 13    Spells: 0 memorised, 2 levels left

rFire  . . .     SeeInvis .     a - +0 long sword
rCold  . . .     Gourm    +     p - +2 leather armour {rPois}
rNeg   . . .     Faith    .     k - +0 shield
rPois  +         Spirit   .     (helmet restricted)
rElec  .         Reflect  .     (no cloak)
rCorr  .         Harm     .     (no gloves)
MR     .....                    (no boots)
Stlth  +.........               l - amulet of the gourmand
                                (no ring)
                                (no ring)

@: no status effects
A: horns 1
a: no special abilities


You were on level 2 of the Dungeon.
You were not hungry.

You visited 1 branch of the dungeon, and saw 2 of its levels.

You collected 26 gold pieces.

Inventory:

Hand Weapons
 a - a +0 long sword (weapon)
Missiles
 d - 3 throwing nets (quivered)
Armour
 k - a +0 shield (worn)
 p - a +2 leather armour of poison resistance (worn)
Jewellery
 l - an amulet of the gourmand (around neck)
Scrolls
 n - a scroll of identify {unknown}
 o - a scroll of fog {unknown}
 q - a scroll of enchant armour
Potions
 g - a potion of heal wounds {unknown}
 h - a potion of haste {unknown}
 i - a potion of magic {unknown}
 j - a potion of ambrosia {unknown}
Books
 b - a book of Changes

   Spells                             Type                      Level
   a - Beastly Appendage              Transmutation                1
   b - Sticks to Snakes               Transmutation                2
   c - Spider Form                    Transmutation/Poison         3
   d - Ice Form                       Ice/Transmutation            4
   e - Blade Hands                    Transmutation                5
 e - a book of Misfortune

   Spells                             Type                      Level
   a - Confusing Touch                Hexes                        1
   b - Confuse                        Hexes                        3
   c - Gell's Gravitas                Hexes/Translocation          3
   d - Petrify                        Transmutation/Earth          4
   e - Metabolic Englaciation         Hexes/Ice                    5
   f - Yara's Violent Unravelling     Hexes/Transmutation          5
Comestibles
 c - 5 fruits
 f - 2 bread rations
 m - a meat ration


   Skills:
 + Level 2.4 Fighting
 + Level 3.3 Long Blades
 + Level 2.0 Throwing
 + Level 0.8 Armour
 + Level 3.1 Dodging
 * Level 1.1 Stealth


You had 2 spell levels left.
You didn't know any spells.

Dungeon Overview and Level Annotations

Branches:
Dungeon (2/15)

Altars:
Nemelex Xobeh


Innate Abilities, Weirdness & Mutations

You have a pair of small horns on your head.


Message History

You closely miss the gnoll. Your headbutt misses the gnoll.
You block the gnoll's attack.
You hit the gnoll.
The gnoll is heavily wounded.
The gnoll hits you but does no damage.
You barely miss the gnoll.
The gnoll is heavily wounded.
You block the gnoll's attack.
You hit the gnoll.
The gnoll is almost dead.
You block the gnoll's attack. The gnoll hits you with a halberd!
You barely miss the gnoll.
The gnoll is almost dead.
The gnoll hits you with a halberd.
* * * LOW HITPOINT WARNING * * *
You hit the gnoll but do no damage.
The gnoll is almost dead.
The gnoll hits you with a halberd!
Ouch! That really hurt!
You die...

#.(.# #...#.. #...#
#.#.#.. #...# ###...#..
#.>.# #.....#..
.######...######.#...#..
.................#.###..
............#......#.#..
#.......).........#...#..
....###@.)######.....##+
....# #g..# #####....
≈≈###..# #.#.# #.### ≈
≈≈≈≈..# #...# #.### .#
≈≈≈≈≈≈##.###...### #.#..
.≈≈#≈≈≈#≈≈#.........#
#....
#≈≈≈≈≈≈≈≈#...##.##<####
#..⌠.
#≈#≈≈#≈≈#...##.##....#
#.... .. ≈≈≈≈≈
#.g#.##..)....#####....


You could see a gnoll.

Vanquished Creatures
  A gnoll (D:2)
  2 adders (D:2)
  A ball python (D:2)
  3 giant cockroaches
  5 goblins
  5 hobgoblins
  2 jackals (D:2)
  4 kobolds
  A quokka (D:2)
  2 bats
  2 frilled lizards (D:1)
  6 rats
34 creatures vanquished.

Notes
Turn   | Place    | Note
-------+----------+-------------------------------------------
     0 | D:1      | HouseofHex the Demonspawn Gladiator began the quest for the Orb.
     0 | D:1      | Reached XP level 1. HP: 16/16 MP: 1/1
   263 | D:1      | Gained mutation: You have a pair of small horns on your head. [demonic ancestry]
   263 | D:1      | Reached XP level 2. HP: 22/22 MP: 2/2
   824 | D:2      | Found a sparkling altar of Nemelex Xobeh.
   879 | D:2      | Reached XP level 3. HP: 22/27 MP: 3/3
   951 | D:2      | Reached skill level 1 in Stealth
  1200 | D:2      | Mangled by a gnoll

Skill      XL: |  1  2  3 |
---------------+----------+-----
Long Blades    | 3 |  3.3
Throwing       | 2 |  2.0
Dodging        | 3 |  3.1
Stealth        | 1 |  1.1
Fighting       | |  2.4
Armour         | |  0.8

Action                   || total
-------------------------++-------
Melee: Long sword        ||    89
       Headbutt          ||    10
  Use: Scroll            ||     2
  Eat: Chunk             ||     5
Armor: Ring mail         ||    16
       Leather armour    ||    11
Dodge: Dodged            ||    56
Block: Shield            ||     9
       Rpst.: Long sword ||    15
